Map: Ephemeron LE

Players

Ratl

  • Race: Protoss Protoss
  • League: Silver
  • Spawn Location: 5:00

ragnarlodbro - Winner!

  • Race: Terran Terran
  • League: Gold
  • Spawn Location: 11:00

VOD

Have the link to the VOD?

Description

Time

  • Played on: Jan. 14, 2020, 4:14 p.m.
  • Length: 16:19
Show
View Real Time Build Order
Export as new Build Order

Ratl Protoss 

Build Orders:  

Get SALT Encoding   

  12  0:04  Probe  
  13  0:16  Probe (Chrono Boost)  
  14  0:22  Pylon  
  14  0:28  Probe (Chrono Boost)  
  15  0:39  Probe (Chrono Boost)  
  16  0:44  Gateway  
  16  0:49  Probe  
  17  1:01  Probe, Gateway  
  18  1:08  Assimilator  
  18  1:14  Probe  
  19  1:21  Assimilator  
  19  1:26  Probe  
  19  1:32  Cybernetics Core  
  20  1:38  Probe (Chrono Boost)  
  21  1:50  Probe (Chrono Boost)  
  22  1:58  Probe (Chrono Boost)  
  23  2:10  Warp Gate (Chrono Boost)  
  23  2:16  Pylon  
  23  2:20  Pylon  
  23  2:34  Probe, Adept x2  
  28  2:47  Probe, Nexus  
  29  2:59  Probe, Stargate  
  30  3:11  Probe  
  31  3:14  Stalker  
  31  3:15  Stalker  
  35  3:23  Probe  
  36  3:28  Robotics Facility  
  36  3:36  Probe  
  37  3:48  Probe  
  36  4:10  Probe x2  
  36  4:22  Probe x2  
  36  4:23  Void Ray  
  42  4:30  Observer  
  43  4:37  Probe  
  44  4:40  Pylon  
  44  4:42  Probe  
  45  4:49  Probe  
  45  4:51  Observer  
  47  4:54  Probe  
  47  4:59  Protoss Air Weapons Level 1 (Chrono Boost)  
  48  5:01  Probe  
  48  5:06  Probe  
  50  5:09  Assimilator  
  50  5:10  Pylon  
  50  5:12  Warp Prism  
  50  5:13  Probe  
  53  5:15  Oracle  
  53  5:18  Probe, Stalker  
  59  5:26  Probe, Assimilator  
  60  5:30  Probe  
  60  5:33  Gateway  
  60  5:34  Gateway  
  61  5:35  Pylon  
  61  5:44  Probe x2  
  61  5:48  Immortal  
  67  5:56  Probe x2  
  65  6:06  Stalker  
  65  6:07  Stalker  
  65  6:08  Probe (Chrono Boost)  
  61  6:20  Probe (Chrono Boost)  
  62  6:29  Probe (Chrono Boost)  
  63  6:34  Probe (Chrono Boost)  
  63  6:35  Probe  
  65  6:45  Probe  
  67  6:47  Probe  
  67  6:49  Forge  
  67  6:53  Shield Battery  
  67  6:59  Probe x2 (Chrono Boost)  
  69  7:02  Pylon  
  69  7:06  Oracle  
  69  7:07  Immortal  
  76  7:09  Nexus  
  76  7:11  Probe (Chrono Boost)  
  76  7:12  Assimilator  
  76  7:14  Probe (Chrono Boost)  
  76  7:15  Pylon  
  78  7:19  Probe (Chrono Boost), Pylon  
  78  7:21  Probe  
  80  7:25  Pylon  
  80  7:30  Probe  
  80  7:33  Probe  
  82  7:39  Fleet Beacon  
  82  7:43  Pylon, Protoss Air Armor Level 1  
  81  7:46  Pylon  
  81  7:47  Observer  
  82  7:54  Photon Cannon  
  82  8:01  Photon Cannon  
  82  8:05  Probe x2  
  84  8:17  Probe x2  
  86  8:21  Stalker x4  
  94  8:27  Void Ray  
  94  8:29  Probe x2  
  100  8:37  Assimilator  
  100  8:44  Immortal  
  104  8:54  Probe, Photon Cannon  
  104  8:55  Probe x2  
  107  9:07  Void Ray (Chrono Boost)  
  107  9:10  Protoss Shields Level 1 (Chrono Boost)  
  107  9:14  Immortal, Stalker x3  
  121  9:30  Stargate x2  
  121  9:33  Pylon  
  121  9:34  Void Ray (Chrono Boost)  
  119  10:00  Protoss Air Weapons Level 2 (Chrono Boost)  
  119  10:08  Stalker x2  
  119  10:09  Stalker  
  109  10:30  Shield Battery  
  109  10:31  Shield Battery  
  109  10:32  Pylon, Shield Battery  
  109  10:34  Shield Battery  
  107  10:46  Immortal (Chrono Boost), Stalker x3  
  107  10:47  Stalker  
  97  10:52  Void Ray (Chrono Boost)  
  83  11:13  Immortal  
  83  11:14  Void Ray x2 (Chrono Boost)  
  91  11:24  Stalker x3  
  91  11:25  Stalker  
  91  11:29  Void Ray (Chrono Boost)  
  81  11:47  Void Ray (Chrono Boost)  
  81  11:52  Immortal  
  89  11:59  Void Ray (Chrono Boost), Stalker x3  
  89  12:00  Stalker  
  101  12:11  Pylon  
  101  12:14  Pylon  
  101  12:16  Pylon, Unknown  
  101  12:21  Void Ray (Chrono Boost)  
  101  12:22  Pylon  
  105  12:23  Void Ray (Chrono Boost)  
  109  12:39  Void Ray (Chrono Boost)  
  113  12:45  Nexus, Stalker x4  
  113  12:48  Assimilator  
  121  12:52  Gateway, Assimilator  
  121  12:55  Pylon  
  121  12:56  Gateway  
  121  12:58  Pylon  
  121  13:00  Pylon  
  121  13:02  Void Ray x2 (Chrono Boost)  
  129  13:15  Shield Battery  
  129  13:16  Shield Battery  
  129  13:20  Shield Battery  
  129  13:24  Shield Battery  
  93  13:34  Stalker x4  
  97  13:43  Void Ray  
  97  13:44  Void Ray  
  105  13:57  Probe (Chrono Boost)  
  105  14:02  Probe (Chrono Boost)  
  109  14:06  Probe (Chrono Boost)  
  108  14:11  Probe (Chrono Boost)  
  108  14:14  Void Ray  
  113  14:23  Probe  
  109  14:26  Void Ray  
  109  14:30  Zealot x3  
  109  14:31  Zealot x3  
  125  14:35  Probe  
  114  14:48  Shield Battery x2  
  114  14:49  Shield Battery  
  114  14:50  Shield Battery  
  114  14:51  Pylon  
  114  14:54  Pylon  
  114  14:58  Void Ray x2  
  122  15:09  Void Ray  
  114  15:34  Stalker x5  
  110  15:47  Nexus  
  78  16:05  Stalker x5  
  78  16:06  Stalker  
Show
View Real Time Build Order
Export as new Build Order

ragnarlodbro Terran - Winner!

Build Orders:  

Get SALT Encoding   

  12  0:01  SCV  
  13  0:13  SCV  
  14  0:17  Supply Depot  
  14  0:24  Refinery  
  14  0:29  SCV  
  15  0:41  Barracks  
  15  0:46  SCV  
  16  0:58  SCV  
  17  1:10  SCV  
  18  1:22  SCV  
  19  1:34  Command Center  
  19  1:38  Marine  
  20  1:42  SCV  
  21  1:58  Marine  
  21  2:00  SCV  
  23  2:09  Factory  
  23  2:20  Orbital Command  
  23  2:23  Bunker  
  23  2:35  Supply Depot  
  23  2:46  Marine  
  23  2:47  SCV  
  25  2:56  Starport, Factory Tech Lab  
  25  3:00  SCV  
  25  3:05  Supply Depot  
  26  3:06  Refinery  
  26  3:12  SCV  
  27  3:13  SCV  
  28  3:24  SCV, Siege Tank  
  32  3:28  Barracks Tech Lab  
  33  3:34  SCV  
  33  3:36  SCV  
  33  3:38  Starport Reactor  
  34  3:46  SCV  
  34  4:12  SCV x2  
  34  4:14  Siege Tank  
  34  4:15  Marine  
  34  4:16  Stimpack  
  40  4:21  Liberator  
  40  4:29  Refinery  
  40  4:31  SCV x2  
  40  4:33  Marine  
  43  4:41  Refinery  
  46  4:48  Supply Depot  
  46  4:51  Marine, Engineering Bay  
  47  5:03  Orbital Command  
  47  5:08  SCV  
  47  5:09  Marine  
  47  5:11  Supply Depot  
  49  5:17  Terran Infantry Weapons Level 1, Armory  
  49  5:20  SCV  
  50  5:27  Medivac  
  52  5:29  Marine  
  52  5:31  SCV  
  52  5:32  SCV  
  55  5:37  Barracks  
  55  5:41  Siege Tank  
  58  5:43  SCV  
  58  5:44  SCV  
  58  5:47  Marine  
  61  5:55  SCV  
  61  5:56  SCV  
  63  6:06  Barracks  
  63  6:07  SCV  
  64  6:17  Viking x2  
  65  6:24  Missile Turret  
  65  6:27  Missile Turret  
  65  6:28  Missile Turret  
  65  6:30  Marauder  
  68  6:33  Barracks Reactor  
  68  6:36  SCV x2  
  68  6:37  Missile Turret  
  69  6:43  Starport  
  69  6:46  Combat Shield  
  69  6:48  SCV  
  69  6:49  Missile Turret  
  69  6:51  Supply Depot  
  70  7:02  Supply Depot  
  70  7:07  Barracks Reactor  
  70  7:10  Missile Turret  
  70  7:13  Marine, SCV, Viking, Terran Infantry Armor Level 1  
  70  7:14  Terran Ship Weapons Level 1  
  74  7:17  Engineering Bay  
  74  7:20  Starport Reactor  
  74  7:23  Supply Depot  
  74  7:25  SCV  
  75  7:31  Marauder  
  75  7:32  Missile Turret  
  77  7:52  Marine  
  77  7:56  Marine x3  
  77  7:57  Marine  
  77  7:58  Command Center  
  82  8:01  Medivac  
  84  8:06  Refinery  
  84  8:09  Missile Turret  
  84  8:10  Marine  
  84  8:11  Refinery  
  85  8:14  Marine  
  85  8:17  Marine x2  
  85  8:18  Marine  
  89  8:28  Marine  
  89  8:29  Missile Turret  
  89  8:32  Marine  
  89  8:33  Terran Infantry Weapons Level 2  
  91  8:35  Marine x3, Missile Turret, Barracks  
  94  8:43  Supply Depot  
  94  8:48  Liberator  
  94  8:57  Marauder  
  94  9:05  Marine  
  94  9:06  Supply Depot  
  94  9:08  Terran Vehicle And Ship Armor Level 1  
  98  9:11  Siege Tank  
  101  9:18  Marauder  
  101  9:19  Marine x3  
  101  9:22  Marine  
  107  9:26  Orbital Command  
  107  9:37  Marine x3  
  110  9:40  Marauder  
  110  9:43  Siege Tank  
  115  9:54  Viking x3  
  115  9:55  Viking  
  115  9:57  Marine  
  124  10:11  Marauder  
  124  10:18  Siege Tank  
  123  10:32  Marauder  
  117  10:50  Siege Tank  
  105  11:22  Siege Tank  
  87  11:44  Marine x4, Marauder  
  93  11:53  Viking x4  
  98  11:54  Siege Tank  
  94  12:02  Marine  
  94  12:05  Marauder  
  89  12:13  Marine x3  
  92  12:19  Barracks Reactor  
  92  12:20  Marine  
  93  12:22  Viking  
  93  12:23  Viking x3  
  93  12:24  Barracks  
  93  12:26  Marauder  
  103  12:31  Marine x3  
  106  12:37  Marine  
  106  12:38  Terran Infantry Weapons Level 3  
  106  12:39  Terran Infantry Armor Level 2  
  106  12:43  SCV  
  106  12:44  SCV  
  109  12:48  Marauder  
  109  12:49  Marine x3  
  114  12:52  Viking  
  114  12:53  Viking x2  
  114  12:55  Marine  
  121  13:00  Marine x2  
  123  13:06  Marine  
  123  13:07  Marine  
  125  13:24  Marine, Viking  
  125  13:25  Viking  
  125  13:26  Viking  
  124  13:27  Viking  
  124  13:28  Marauder  
  114  13:44  Starport  
  114  13:45  Starport  
  114  13:49  Starport, Marauder  
  114  13:53  Terran Vehicle And Ship Armor Level 2  
  114  13:54  Viking  
  114  13:55  Viking  
  120  13:56  Marine x3, Viking  
  125  14:02  Marine x3  
  125  14:03  Viking  
  125  14:05  Supply Depot  
  125  14:08  Supply Depot  
  130  14:10  Marauder  
  130  14:13  Marine  
  130  14:14  Marine x2  
  135  14:20  Marine x3  
  135  14:24  Viking  
  133  14:25  Viking  
  133  14:26  Viking  
  133  14:27  Supply Depot  
  133  14:31  Supply Depot  
  137  14:33  Viking  
  131  14:49  Supply Depot  
  131  14:51  Starport Reactor  
  127  14:54  Starport Reactor, Viking  
  127  14:55  Supply Depot  
  127  14:56  Starport Reactor  
  127  14:58  Supply Depot  
  127  15:02  Marine x4, Marauder  
  127  15:03  Marine x2, Supply Depot  
  135  15:17  Supply Depot  
  135  15:20  Marine x4  
  139  15:24  Marauder  
  139  15:25  Supply Depot  
  132  15:42  Medivac x2, Viking x2  
  137  15:43  Viking x2  
  137  15:45  Marine x2, Marauder  
  137  15:49  Supply Depot  
Tags
 
Add a new tag
Caveats
  • Supply blocks, unpowered buildings, or Contaminate may cause inaccurate times.
  • Supply counts are checked every 10 seconds.